[Event "Early-Titled-Tuesday-Blitz-September-26-2023"]
[Site "Chess.com"]
[Date "2023.09.26"]
[Round "3"]
[White "Dedic8"]
[Black "banane_verte"]
[Result "1-0"]
[WhiteElo "2818"]
[BlackElo "2509"]
[TimeControl "180+1"]
[EndTime "8:30:16 PDT"]
[Termination "Dedic8 won by resignation"]

1. d4 d5 2. c4 c6 3. Nf3 Nf6 4. e3 e6 5. b3 Ne4 6. Bb2 Bb4+ 7. Nbd2 Nxd2 8. Nxd2 Nd7 9. Bd3 Nf6 10. O-O O-O 11. Qc2 Qe7 12. a3 Bd6 13. e4 dxe4 14. Nxe4 Nxe4 15. Bxe4 h6 16. Rfe1 Bd7 17. Qc3 Qg5 18. Rad1 Rad8 19. g3 f5 20. Bf3 f4 21. Re4 fxg3 22.
hxg3 Qf5 23. Kg2 Rf7 24. Re2 Rdf8 25. Be4 Qh5 26. Qe3 e5 27. dxe5 Bc5 28. Qd3 Bg4 29. f3 Bxf3+ 30. Bxf3 Rxf3 31. Qd2 Rf2+ 32. Rxf2 Rxf2+ 33. Qxf2 Bxf2 34. Rd8+ Kf7 35. Kxf2 Qh2+ 36. Kf3 Qxb2 37.
Rd7+ Ke6 38. Rxb7 Qxa3 39. Rxg7 Qxb3+ 40. Kg4 Qxc4+ 41. Kh5 a5 42. g4 a4 43. Kxh6 a3 44.
Ra7 a2 45. g5 Qh4+ 46. Kg6 Kxe5 47. Rxa2 Qe4+ 48. Kh6 Qh1+ 49. Kg7 Qb1 50. Rf2 c5 51. g6 c4 52. Kf7 Qb7+ 53. Kg8 Qc8+ 54. Rf8 Qe6+ 55.
Kh7 Qe7+ 56. g7 Qh4+ 57. Kg6 Qg4+ 58. Kh6 Qh4+ 59. Kg6 Qg3+ 60. Kh6 Qh2+ 61. Kg6 Qg1+ 62. Kh6 Qh1+ 63. Kg6 Qg2+ 64. Kh6 Qh3+ 65. Kg6 Qd3+ 66. Kh6 Qd6+ 67. Kh7 Qe7 68. Kh6 Qxf8 69. gxf8=Q Kd4 70. Qd6+ Ke3 71. Qe5+ Kd3 72. Qd5+ Kc3 73. Kg5 Kb4 74. Qb7+ Ka3 75. Qa6+ Kb3 76. Qb5+ Kc3 77. Kf4 Kd3 78. Qd5+ Kc3 79. Ke3 Kb4 80. Kd4 c3 81. Qc4+ Ka5 82. Qxc3+ Ka6 83. Qc6+ Ka7 84. Qb5 Ka8 85.
Kd5 1-0

[Event "Early-Titled-Tuesday-Blitz-September-26-2023"]
[Site "Chess.com"]
[Date "2023.09.26"]
[Round "3"]
[White "chessdjw"]
[Black "Rap_woyska"]
[Result "1/2-1/2"]
[WhiteElo "2696"]
[BlackElo "2519"]
[TimeControl "180+1"]
[EndTime "8:32:12 PDT"]
[Termination "Game drawn by 50-move rule"]

1. d4 Nf6 2. Nf3 c5 3. d5 e6 4. Nc3 exd5 5. Nxd5 Nxd5 6. Qxd5 Nc6 7. Bg5 Qb6 8. O-O-O d6 9. e3 Be6 10. Qe4 Qb4 11.
Qxb4 Nxb4 12. a3 Nc6 13. Bf4 Rd8 14. Ng5 Be7 15. Nxe6 fxe6 16. h4 Kf7 17. e4 Rhf8 18. Bc4 Ne5 19. Bxe5 dxe5 20. Rxd8 Rxd8 21. c3 g6 22. Kc2 Bf8 23. a4 Bh6 24. Bd3 Ke7 25.
Rh3 Rf8 26. f3 Bf4 27. Kb3 b6 28. Rh1 Bg3 29. h5 g5 30. h6 Rd8 31. Kc4 a6 32. Rd1 Bf4 33. a5 bxa5 34. Kxc5 g4 35. fxg4 Bxh6 36. Kb6 Rb8+ 37. Kxa6 Rxb2 38. Bb5 Rxg2 39.
Rd7+ Kf6 40. Rxh7 Bd2 41. Be8 Rxg4 42. Rf7+ Kg5 43. c4 Bb4 44. Bc6 Rg1 45. Kb5 Rb1 46.
Ka6 Rc1 47. Bb5 Rc2 48. Rf8 Rc3 49. Rg8+ Kf4 50. Rg6 Kxe4 51. Rxe6 Kd4 52. Re8 e4 53. Rd8+ Ke3 54. Re8 Kf4 55. Rf8+ Kg3 56. Re8 e3 57. c5 Bxc5 58. Kxa5 Kf2 59. Ka6 Ra3+ 60. Kb7 Ra2 61. Kc6 Bd4 62. Kd5 Bb6 63. Bc4 Rd2+ 64. Kc6 Bd4 65. Rf8+ Kg2 66. Rg8+ Kh2 67. Re8 Kg3 68. Rg8+ Kf4 69. Rf8+ Ke4 70. Re8+ Be5 71. Kc5 e2 72. Bxe2 Rxe2 73. Kc4 Rc2+ 74. Kb3 Rc7 75. Rg8 Kd3 76.
Kb4 Bd4 77. Rg3+ Be3 78. Kb5 Rc5+ 79. Kb4 Rh5 80. Rf3 Ke4 81. Rg3 Bd4 82. Rg4+ Kd5 83. Rg8 Bc5+ 84. Kc3 Rh3+ 85. Kd2 Ke4 86. Rg4+ Kd5 87.
Rg5+ Kc4 88. Rg8 Rh2+ 89. Ke1 Bd4 90. Rg3 Kd5 91. Kf1 Ke4 92. Rg2 Rh1+ 93. Ke2 Ra1 94. Rg4+ Kd5 95. Kd3 Ra3+ 96. Kc2 Kc4 97. Kd2 Ra2+ 98.
Ke1 Kd3 99. Kf1 Be3 100. Rg8 Rh2 101. Rd8+ Bd4 102. Rd7 Rf2+ 103. Ke1 Rf6 104. Rd8 Ke3 105. Re8+ Kd3 106. Rd8 Rf7 107. Rd6 Ke4 108. Re6+ Be5 109. Re8 Kd4 110. Ke2 Rh7 111. Ke1 Rh2 112. Kf1 Ke4 113. Kg1 Ra2 114. Kf1 Kf4 115. Ke1 Bd4 116. Kd1 Be5 117. Rf8+ Ke4 118. Re8 Kd4 119. Ke1 Ke4 120. Re7 Rh2 121. Re8 Kd4 122. Kf1 Bf4 1/2-1/2

[Event "Early-Titled-Tuesday-Blitz-September-26-2023"]
[Site "Chess.com"]
[Date "2023.09.26"]
[Round "4"]
[White "Juicy_Fork"]
[Black "Zampronha1971"]
[Result "1-0"]
[WhiteElo "2482"]
[BlackElo "2262"]
[TimeControl "180+1"]
[EndTime "8:34:07 PDT"]
[Termination "Juicy_Fork won by resignation"]

1. e4 c5 2. Nf3 e6 3. d4 cxd4 4. Nxd4 Nc6 5. Bf4 Nf6 6. Nb5 e5 7. Bg5 Qa5+ 8. Qd2 Qb6 9. N1c3 a6 10. Bxf6 axb5 11. Nd5 1-0

[Event "Early-Titled-Tuesday-Blitz-September-26-2023"]
[Site "Chess.com"]
[Date "2023.09.26"]
[Round "4"]
[White "kroppar"]
[Black "Zhani-Z"]
[Result "1-0"]
[WhiteElo "2397"]
[BlackElo "2215"]
[TimeControl "180+1"]
[EndTime "8:34:55 PDT"]
[Termination "kroppar won by resignation"]

1. e4 c5 2. Nf3 e6 3. c4 Nc6 4. b3 Nd4 5. Bb2 Qb6 6. Nc3 d6 7. Nxd4 cxd4 8. Na4 Qa5 9. Bxd4 Bd7 10. Bc3 Qg5 11. Nb2 Nf6 12. d3 g6 13. h4 Qf4 14. g3 1-0

[Event "Early-Titled-Tuesday-Blitz-September-26-2023"]
[Site "Chess.com"]
[Date "2023.09.26"]
[Round "4"]
[White "IPAchess"]
[Black "Chesstar"]
[Result "1-0"]
[WhiteElo "2323"]
[BlackElo "2064"]
[TimeControl "180+1"]
[EndTime "8:35:11 PDT"]
[Termination "IPAchess won by checkmate"]

1. d4 Nf6 2. c4 e6 3. Nf3 h6 4.
g3 g5 5. Bg2 Bg7 6. O-O d5 7.
Nc3 O-O 8. Qc2 Nbd7 9. e4 dxe4 10. Nxe4 Nxe4 11. Qxe4 Nf6 12. Qc2 Nh7 13. b3 c5 14. Ba3 b6 15. dxc5 Bxa1 16. Rxa1 bxc5 17. Bxc5 Re8 18. Ne5 Ba6 19. Nxf7 Rc8 20. Qg6# 1-0

[Event "Early-Titled-Tuesday-Blitz-September-26-2023"]
[Site "Chess.com"]
[Date "2023.09.26"]
[Round "4"]
[White "AleksanderHnydiuk"]
[Black "Mikhail_Bryakin"]
[Result "0-1"]
[WhiteElo "2549"]
[BlackElo "2836"]
[TimeControl "180+1"]
[EndTime "8:35:17 PDT"]
[Termination "Mikhail_Bryakin won by resignation"]

1. e4 d5 2. exd5 Qxd5 3. Nc3 Qe5+ 4. Be2 Bg4 5. d4 Bxe2 6. Ngxe2 Qa5 7. O-O Nf6 8. b4 Qh5 9. d5 e6 10. dxe6 Bxb4 11.
exf7+ Qxf7 12. Rb1 Nc6 13. a3 Bd6 14. Rxb7 O-O-O 15. Rb3 Bxh2+ 16. Kxh2 Rxd1 17. Rxd1 Ng4+ 0-1

[Event "Early-Titled-Tuesday-Blitz-September-26-2023"]
[Site "Chess.com"]
[Date "2023.09.26"]
[Round "4"]
[White "Boundless_Strike"]
[Black "Road2GM3000"]
[Result "1-0"]
[WhiteElo "2595"]
[BlackElo "2365"]
[TimeControl "180+1"]
[EndTime "8:35:22 PDT"]
[Termination "Boundless_Strike won by checkmate"]

1. d4 d5 2. e4 dxe4 3. Nc3 Nf6 4.
f3 exf3 5. Nxf3 e6 6. Bg5 Be7 7. Bd3 Nbd7 8. Qd2 b6 9. O-O Bb7 10. Rae1 O-O 11. Qf4 Nd5 12. Nxd5 Bxd5 13. Qh4 Bxg5 14.
Qxh7# 1-0

[Event "Early-Titled-Tuesday-Blitz-September-26-2023"]
[Site "Chess.com"]
[Date "2023.09.26"]
[Round "4"]
[White "azikom"]
[Black "pankajfm"]
[Result "1-0"]
[WhiteElo "2628"]
[BlackElo "2100"]
[TimeControl "180+1"]
[EndTime "8:35:34 PDT"]
[Termination "azikom won by resignation"]

1. c4 f5 2. Nc3 Nf6 3. g3 e6 4. Bg2 c6 5. d4 d5 6. Nf3 Bd6 7. Bf4 Ne4 8. Bxd6 Qxd6 9. O-O O-O 10. e3 Bd7 11. Qb3 Qc7 12. Rac1 Nxc3 13. bxc3 Be8 14. cxd5 exd5 15. c4 Bf7 16. cxd5 Qd8 17. Qxb7 Bxd5 18. Qxa8 Qc7 19. Rb1 1-0

[Event "Early-Titled-Tuesday-Blitz-September-26-2023"]
[Site "Chess.com"]
[Date "2023.09.26"]
[Round "4"]
[White "AleksandraMilovic"]
[Black "Flopezin"]
[Result "0-1"]
[WhiteElo "2046"]
[BlackElo "2318"]
[TimeControl "180+1"]
[EndTime "8:35:38 PDT"]
[Termination "Flopezin won by resignation"]

1. e4 e5 2. Nf3 Nc6 3. Bb5 a6 4.
Ba4 Nf6 5. O-O Bc5 6. c3 b5 7. Bc2 d6 8. d4 Ba7 9. a4 Bg4 10. axb5 axb5 11. d5 Ne7 12. Bd3 Bxf2+ 13. Rxf2 Rxa1 14.
Bxb5+ Bd7 15. Bxd7+ Qxd7 16. Be3 Nxe4 0-1

[Event "Early-Titled-Tuesday-Blitz-September-26-2023"]
[Site "Chess.com"]
[Date "2023.09.26"]
[Round "4"]
[White "SargissyanSargis"]
[Black "marcodobrikov"]
[Result "0-1"]
[WhiteElo "2422"]
[BlackElo "2643"]
[TimeControl "180+1"]
[EndTime "8:35:56 PDT"]
[Termination "marcodobrikov won by resignation"]

1. e4 Nc6 2. Nf3 d6 3. Nc3 Nf6 4. d4 Bg4 5. Be3 e5 6. d5 Ne7 7. h3 Bd7 8. Be2 g6 9. Qd2 Bg7 10. g4 h6 11. O-O-O a6 12. g5 hxg5 13. Nxg5 Nh5 14. f4 exf4 15. Bxf4 Nxf4 16. Qxf4 f6 17. Ne6 Bxe6 18. dxe6 Bh6 0-1

[Event "Early-Titled-Tuesday-Blitz-September-26-2023"]
[Site "Chess.com"]
[Date "2023.09.26"]
[Round "4"]
[White "Caroexpert"]
[Black "ZeGood_ZeBad_ZeUgly"]
[Result "0-1"]
[WhiteElo "2438"]
[BlackElo "2282"]
[TimeControl "180+1"]
[EndTime "8:36:00 PDT"]
[Termination "ZeGood_ZeBad_ZeUgly won by resignation"]

1. d4 Nf6 2. c4 e6 3. Nf3 d5 4. Bg5 c6 5. e3 Nbd7 6. Nbd2 h6 7.
Bh4 Be7 8. Be2 Ne4 9. Bxe7 Qxe7 10. O-O f5 11. Ne1 Qg5 12. Nd3 O-O 13. Nf3 Qf6 14.
Nfe5 Nxe5 15. Nxe5 Nd6 16. c5 Nf7 17. Nd3 e5 18. f4 exd4 19. exd4 Qxd4+ 20. Kh1 Qf6 21. Bg4 fxg4 22. Qd2 Bf5 0-1

[Event "Early-Titled-Tuesday-Blitz-September-26-2023"]
[Site "Chess.com"]
[Date "2023.09.26"]
[Round "4"]
[White "whitemirrorninja"]
[Black "kidagent"]
[Result "1-0"]
[WhiteElo "2480"]
[BlackElo "2234"]
[TimeControl "180+1"]
[EndTime "8:36:05 PDT"]
[Termination "whitemirrorninja won by resignation"]

1. d4 d5 2. Bf4 Nf6 3. e3 c6 4. Nf3 Bf5 5. c4 e6 6. Nc3 Nbd7 7. h3 h6 8. Qb3 Qc8 9. Rc1 Ne4 10. cxd5 Nxc3 11.
dxc6 bxc6 12. Qxc3 g5 13. Bg3 a5 14. Qxc6 Qxc6 15.
Rxc6 Bb4+ 16. Kd1 O-O 17. a3 Be7 18. Rc7 Rfd8 19. Bb5 e5 20. Bxd7 Rxd7 21. Rxd7 Bxd7 22. Nxe5 Ba4+ 23. Kd2 Rb8 24. Nd3 Rc8 25. Rc1 Rxc1 26. Nxc1 f5 27. Nd3 Kf7 28. Bc7 1-0

[Event "Early-Titled-Tuesday-Blitz-September-26-2023"]
[Site "Chess.com"]
[Date "2023.09.26"]
[Round "4"]
[White "goodluck06"]
[Black "schack_vit"]
[Result "1-0"]
[WhiteElo "2667"]
[BlackElo "2451"]
[TimeControl "180+1"]
[EndTime "8:36:06 PDT"]
[Termination "goodluck06 won by resignation"]

1. Nf3 c5 2. g3 Nc6 3. Bg2 g6 4. O-O Bg7 5. c4 a6 6. Nc3 Rb8 7. e3 b5 8. d4 cxd4 9. exd4 bxc4 10. Re1 d6 11. d5 Na5 12. Nd4 Nf6 13. Qa4+ Bd7 14.
Nc6 Bxc6 15. dxc6 Qc7 16. Bd2 Rxb2 17. Rab1 Rxd2 18. Rb8+ 1-0

[Event "Early-Titled-Tuesday-Blitz-September-26-2023"]
[Site "Chess.com"]
[Date "2023.09.26"]
[Round "4"]
[White "ContrVersia"]
[Black "lamomiajunior"]
[Result "0-1"]
[WhiteElo "2900"]
[BlackElo "2759"]
[TimeControl "180+1"]
[EndTime "8:36:26 PDT"]
[Termination "lamomiajunior won by resignation"]

1. Nf3 d5 2. c4 e6 3. g3 Nf6 4. b3 d4 5. e3 Nc6 6. exd4 Nxd4 7. Bg2 Bc5 8. Bb2 O-O 9. O-O c6 10. Re1 a5 11. Nc3 Nxf3+ 12. Bxf3 Bd4 13. Na4 Bxb2 14. Nxb2 Qd4 15. Qc2 e5 16. Re3 Bf5 17. Qxf5 Qxb2 18. Qxe5 Qxd2 19. Qc7 Rab8 20. Re2 Qc3 0-1

[Event "Early-Titled-Tuesday-Blitz-September-26-2023"]
[Site "Chess.com"]
[Date "2023.09.26"]
[Round "4"]
[White "Rutricks"]
[Black "h4parah5"]
[Result "0-1"]
[WhiteElo "2691"]
[BlackElo "2960"]
[TimeControl "180+1"]
[EndTime "8:36:33 PDT"]
[Termination "h4parah5 won by resignation"]

1. Nf3 c5 2. d3 Nc6 3. Nbd2 d5 4. e4 e6 5. g3 Nf6 6. Bg2 Be7 7. O-O O-O 8. exd5 exd5 9. a4 Re8 10. d4 Bf5 11.
dxc5 Bxc5 12. Nb3 Bb6 13. Bg5 h6 14. Bxf6 Qxf6 15. a5 Bc7 16. a6 bxa6 17. Qxd5 Be4 18. Qc4 Bxf3 19. Bxf3 Qxf3 20. Nd2 Qf6 21. Rxa6 Bb6 22.
Ne4 Qe6 23. Qxe6 Rxe6 24. Nc3 Nb4 0-1

[Event "Early-Titled-Tuesday-Blitz-September-26-2023"]
[Site "Chess.com"]
[Date "2023.09.26"]
[Round "4"]
[White "MasterKroket"]
[Black "borocotoajua"]
[Result "0-1"]
[WhiteElo "2418"]
[BlackElo "2604"]
[TimeControl "180+1"]
[EndTime "8:36:35 PDT"]
[Termination "borocotoajua won by resignation"]

1. e4 c6 2. d4 d5 3. Nc3 dxe4 4. Nxe4 Nd7 5. Qe2 e6 6. Nf3 Ngf6 7. Bg5 Be7 8. c3 Nxe4 9. Bxe7 Qxe7 10. Qxe4 O-O 11. Bd3 Nf6 12. Qh4 h6 13. O-O c5 14. Rfe1 Rd8 15. Rad1 Bd7 16. c4 cxd4 17. Nxd4 Qc5 18. b3 Bc6 19. Nxc6 Qxc6 20. h3 Qc5 21. Be4 Rxd1 22. Rxd1 g5 23. Qxh6 Nxe4 0-1

[Event "Early-Titled-Tuesday-Blitz-September-26-2023"]
[Site "Chess.com"]
[Date "2023.09.26"]
[Round "4"]
[White "xxysoul6"]
[Black "A-Fier"]
[Result "1-0"]
[WhiteElo "3028"]
[BlackElo "2815"]
[TimeControl "180+1"]
[EndTime "8:36:48 PDT"]
[Termination "xxysoul6 won by resignation"]

1. e4 Nf6 2. e5 Nd5 3. d4 d6 4. c4 Nb6 5. f4 dxe5 6. fxe5 Nc6 7. Be3 Bf5 8. Nc3 e6 9. Nf3 Be7 10. d5 exd5 11. cxd5 Nb4 12. Nd4 Bd7 13. e6 fxe6 14.
dxe6 Bc6 15. a3 Bh4+ 16. g3 Bxh1 17. axb4 Bf6 18. Qg4 O-O 19. O-O-O Nd5 20. Bc4 Kh8 21. Bxd5 Bxd5 22. Nf5 Bxc3 23. bxc3 Qf6 24. Bd4 Qg6 25. Bxg7+ Kg8 26. Ne7+ Kxg7 27. Nxg6 Bf3 28. Rd7+ 1-0

[Event "Early-Titled-Tuesday-Blitz-September-26-2023"]
[Site "Chess.com"]
[Date "2023.09.26"]
[Round "4"]
[White "skkeyan1309"]
[Black "UK_23"]
[Result "1-0"]
[WhiteElo "2722"]
[BlackElo "2406"]
[TimeControl "180+1"]
[EndTime "8:36:59 PDT"]
[Termination "skkeyan1309 won by resignation"]

1. Nc3 e5 2. Nf3 Nc6 3. d4 exd4 4. Nxd4 Nge7 5. e4 Nxd4 6. Qxd4 Nc6 7. Qc4 d6 8. Bf4 Be7 9. Be2 Be6 10. Qb5 Qd7 11.
O-O-O O-O 12. h4 a6 13. Qd3 Rad8 14. Qg3 Bf6 15. Bg5 Qe7 16. f4 Kh8 17. a3 h6 18. Bd3 Nd4 19. f5 Bc8 20. Nd5 Qe5 21.
Qxe5 dxe5 22. Nxf6 1-0

[Event "Early-Titled-Tuesday-Blitz-September-26-2023"]
[Site "Chess.com"]
[Date "2023.09.26"]
[Round "4"]
[White "Mikhail_Golubev"]
[Black "nrvignesh"]
[Result "1/2-1/2"]
[WhiteElo "2594"]
[BlackElo "2828"]
[TimeControl "180+1"]
[EndTime "8:37:03 PDT"]
[Termination "Game drawn by repetition"]

1. e4 c5 2. Nf3 Nc6 3. Nc3 g6 4. d4 cxd4 5. Nxd4 Bg7 6. Be3 Nf6 7. Nxc6 bxc6 8. e5 Nd5 9. Nxd5 cxd5 10. Qxd5 Rb8 11.
O-O-O Qc7 12. Qc5 Qxc5 13. Bxc5 Bxe5 14. b3 d6 15. Bxa7 Ra8 16. Bd4 Bxd4 17. Rxd4 Rxa2 18. Kb1 Ra5 19. Bc4 Be6 20. Bxe6 fxe6 21. Re1 e5 22. Rb4 Kd7 23. Rb7+ Ke6 24. f4 Rha8 25.
Re2 Ra1+ 26. Kb2 R1a2+ 27. Kb1 Ra1+ 28. Kb2 R1a2+ 29. Kb1 Ra1+ 1/2-1/2

[Event "Early-Titled-Tuesday-Blitz-September-26-2023"]
[Site "Chess.com"]
[Date "2023.09.26"]
[Round "4"]
[White "Aanna12"]
[Black "zozik"]
[Result "0-1"]
[WhiteElo "2096"]
[BlackElo "2355"]
[TimeControl "180+1"]
[EndTime "8:37:26 PDT"]
[Termination "zozik won by resignation"]

1. Nf3 d5 2. g3 c5 3. Bg2 Nc6 4. O-O Nf6 5. d3 e5 6. Nbd2 Be7 7. e4 O-O 8. c3 Bg4 9. Qc2 d4 10. h3 Bh5 11. a4 Rc8 12. Nc4 Qc7 13.
Nh4 Rfd8 14. Nf5 Bf8 15. Bg5 Bg6 16. Bxf6 gxf6 17. Nh4 b6 18. f4 exf4 19. Rxf4 Ne5 20. Nxe5 fxe5 21. Rf3 c4 22. cxd4 cxd3 23. Qxc7 Rxc7 24.
Rxd3 Rxd4 25. Rad1 Rc2 26. Rxd4 exd4 27. Rxd4 Bc5 0-1

[Event "Early-Titled-Tuesday-Blitz-September-26-2023"]
[Site "Chess.com"]
[Date "2023.09.26"]
[Round "4"]
[White "TregubovP"]
[Black "ViktoriyaTarasova"]
[Result "1-0"]
[WhiteElo "2635"]
[BlackElo "2404"]
[TimeControl "180+1"]
[EndTime "8:37:30 PDT"]
[Termination "TregubovP won on time"]

1. e4 e5 2. Nf3 Nc6 3. Bb5 Nf6 4. d4 exd4 5. O-O Nxe4 6. Re1 d5 7. Nxd4 Bc5 8. Bxc6+ bxc6 9. f3 Qh4 10. c3 Qf2+ 11.
Kh1 O-O 12. fxe4 dxe4 13. Qe2 Qh4 14. Qxe4 1-0

[Event "Early-Titled-Tuesday-Blitz-September-26-2023"]
[Site "Chess.com"]
[Date "2023.09.26"]
[Round "4"]
[White "rasmussvane"]
[Black "Aradhya2000"]
[Result "1-0"]
[WhiteElo "2996"]
[BlackElo "2704"]
[TimeControl "180+1"]
[EndTime "8:37:33 PDT"]
[Termination "rasmussvane won by resignation"]

1. Nf3 Nf6 2. g3 g6 3. Bg2 Bg7 4. O-O O-O 5. d4 d5 6. c3 c6 7. a4 Bf5 8. Nbd2 a5 9. Re1 c5 10. dxc5 Na6 11. Nb3 Ne4 12. Ng5 Rc8 13. Nxe4 Bxe4 14.
Bxe4 dxe4 15. Be3 e6 16. Qxd8 Rfxd8 17. Nxa5 Rd7 18. Red1 Rdc7 19. Rac1 Nxc5 20. Bxc5 Rxc5 21. Nxb7 R5c6 22. Nd6 Rb8 23. b4 Rxc3 24. Rxc3 Bxc3 25. b5 e3 26. fxe3 Rd8 27. Rd3 Bb4 28. Nc4 Rc8 29. b6 Rb8 30. Rd7 Kf8 31. b7 Ke8 32. Rc7 Kd8 33. Rxf7 Be7 34. Na5 Kd7 35. Rxe7+ Kxe7 36. Nc6+ 1-0

[Event "Early-Titled-Tuesday-Blitz-September-26-2023"]
[Site "Chess.com"]
[Date "2023.09.26"]
[Round "4"]
[White "Gabix_94"]
[Black "Sanan_Sjugirov"]
[Result "0-1"]
[WhiteElo "2703"]
[BlackElo "2988"]
[TimeControl "180+1"]
[EndTime "8:37:34 PDT"]
[Termination "Sanan_Sjugirov won by resignation"]

1. d4 Nf6 2. Nc3 d5 3. Bf4 Bf5 4. e3 e6 5. Bd3 c6 6. Nf3 Be7 7.
Ne5 Nfd7 8. g4 Bxd3 9. Qxd3 Nxe5 10. Bxe5 O-O 11. O-O-O Nd7 12. Bg3 b5 13. h4 b4 14.
Ne2 c5 15. e4 c4 16. Qf3 Qa5 17. Kb1 dxe4 18. Qxe4 Nf6 19. Qf3 Nd5 20. g5 c3 21.
Nf4 b3 22. cxb3 Nb4 23. a3 c2+ 24. Ka1 cxd1=Q+ 25. Rxd1 Nc2+ 26. Kb1 Rac8 27. d5 Bxa3 28. dxe6 Bxb2 29. exf7+ Rxf7 30. Qc6 Rxc6 0-1

[Event "Early-Titled-Tuesday-Blitz-September-26-2023"]
[Site "Chess.com"]
[Date "2023.09.26"]
[Round "4"]
[White "sergoy"]
[Black "GradualismUnleashed"]
[Result "1-0"]
[WhiteElo "2913"]
[BlackElo "2597"]
[TimeControl "180+1"]
[EndTime "8:37:34 PDT"]
[Termination "sergoy won by resignation"]

1. d4 Nf6 2. c4 e6 3. Nf3 d5 4. Nc3 Be7 5. Bf4 O-O 6. e3 Nbd7 7. Bd3 dxc4 8. Bxc4 a6 9. a4 Nb6 10. Bd3 Nbd5 11.
Bg3 Nb4 12. Be2 b6 13. O-O Bb7 14. Qb3 c5 15. Rfd1 Qe8 16. Rac1 Nfd5 17. Ne5 Rc8 18. Nc4 b5 19. Nd6 c4 20. Qa3 Qc6 21. axb5 axb5 22.
Ncxb5 Ra8 23. Rxc4 Qd7 24. Qb3 Bc6 25. e4 Bxb5 26.
Nxb5 Qxb5 27. exd5 Qxd5 28. Rxb4 Bxb4 29. Qxb4 Rab8 30.
Bxb8 1-0

[Event "Early-Titled-Tuesday-Blitz-September-26-2023"]
[Site "Chess.com"]
[Date "2023.09.26"]
[Round "4"]
[White "amylazy"]
[Black "Alenzer"]
[Result "1-0"]
[WhiteElo "2438"]
[BlackElo "2104"]
[TimeControl "180+1"]
[EndTime "8:37:35 PDT"]
[Termination "amylazy won by resignation"]

1. d4 d5 2. c4 dxc4 3. e3 Nf6 4. Bxc4 e6 5. Nf3 a6 6. O-O b5 7. Bb3 Bb7 8. a4 b4 9. a5 Be7 10. Nbd2 O-O 11. Nc4 Nbd7 12. Bd2 c5 13. dxc5 Bxc5 14. Qe2 Ne4 15. Rfd1 Nxd2 16. Rxd2 Qe7 17. Rad1 Rfd8 18. Nd6 Bxd6 19. Rxd6 Nc5 20. Rxd8+ Rxd8 21. Bc4 Qc7 22.
Ng5 h6 23. Rxd8+ Qxd8 24. Nxf7 Kxf7 25. Qh5+ g6 26. Qxc5 Qd1+ 27. Bf1 Bxg2 28. Qc7+ Kg8 29. Kxg2 Qg4+ 30. Qg3 Qe4+ 31. Kg1 Kf7 32. Qf4+ Qxf4 33. exf4 1-0

[Event "Early-Titled-Tuesday-Blitz-September-26-2023"]
[Site "Chess.com"]
[Date "2023.09.26"]
[Round "4"]
[White "stratacticos"]
[Black "TheRigos"]
[Result "0-1"]
[WhiteElo "1782"]
[BlackElo "2573"]
[TimeControl "180+1"]
[EndTime "8:37:37 PDT"]
[Termination "TheRigos won by resignation"]

1. e4 f5 2. exf5 Nf6 3. g4 h6 4. Bc4 d5 5. Be2 e6 6. fxe6 Bxe6 7. d4 c5 8. g5 hxg5 9. Bxg5 Nc6 10. Bh5+ Rxh5 11.
Bxf6 Qxf6 12. Qxh5+ Bf7 13. Qe2+ Kd7 14. Qg4+ Be6 15. Qf3 Qg6 16. c3 cxd4 17. Ne2 Ne5 18. Qg3 Qe4 19. f3 Nxf3+ 20. Kf2 Bd6 21. Qxf3 Rf8 22.
Qxf8 Bxf8 23. Nd2 Qe3+ 24. Ke1 Bg4 0-1

[Event "Early-Titled-Tuesday-Blitz-September-26-2023"]
[Site "Chess.com"]
[Date "2023.09.26"]
[Round "4"]
[White "Dacean99"]
[Black "Mikasinski"]
[Result "1-0"]
[WhiteElo "2552"]
[BlackElo "2698"]
[TimeControl "180+1"]
[EndTime "8:37:42 PDT"]
[Termination "Dacean99 won by resignation"]

1. d4 Nf6 2. Nf3 g6 3. c4 Bg7 4. Nc3 d6 5. e4 O-O 6. Be2 e5 7. O-O Nc6 8. d5 Ne7 9. b4 Nh5 10. g3 Bg4 11. Ne1 Bxe2 12. Qxe2 f5 13. exf5 Nxf5 14.
Be3 Nd4 15. Bxd4 e4 16. Bxg7 Nxg7 17. Nxe4 Qd7 18. Nd3 Rae8 19. Rae1 Kh8 20. f4 Nf5 21. Nf6 Rxe2 22. Nxd7 Rxe1 23. Rxe1 Rf7 24. Re8+ Kg7 25.
Rd8 Ne3 26. N3e5 dxe5 27. Nxe5 Re7 28. c5 Nf5 29. d6 cxd6 30. cxd6 Re6 31. d7 Rd6 32.
Re8 Re6 33. Rxe6 1-0

[Event "Early-Titled-Tuesday-Blitz-September-26-2023"]
[Site "Chess.com"]
[Date "2023.09.26"]
[Round "4"]
[White "TERMINATOR_PC"]
[Black "toniv1"]
[Result "1-0"]
[WhiteElo "2556"]
[BlackElo "2349"]
[TimeControl "180+1"]
[EndTime "8:37:45 PDT"]
[Termination "TERMINATOR_PC won by resignation"]

1. e4 c5 2. Nf3 Nc6 3. d4 cxd4 4. Nxd4 e5 5. Nb5 d6 6. c4 Be7 7. Bd3 Be6 8. O-O Nf6 9. N5c3 h6 10. Nd5 O-O 11. Nbc3 Nd4 12. Be3 Rc8 13. Rc1 Ng4 14. Bxd4 exd4 15. Ne2 Bxd5 16. exd5 Bg5 17. Rc2 Qe7 18.
Bf5 Ne5 19. Nxd4 Rxc4 20. f4 Rxc2 21. Nxc2 1-0

[Event "Early-Titled-Tuesday-Blitz-September-26-2023"]
[Site "Chess.com"]
[Date "2023.09.26"]
[Round "4"]
[White "BJthechessgod"]
[Black "Zavgorodniy_Sergiy"]
[Result "0-1"]
[WhiteElo "2362"]
[BlackElo "2584"]
[TimeControl "180+1"]
[EndTime "8:37:46 PDT"]
[Termination "Zavgorodniy_Sergiy won by resignation"]

1. e4 e5 2. Nf3 d6 3. d4 exd4 4. Nxd4 Nf6 5. Nc3 Be7 6. Be2 O-O 7. O-O Re8 8. Re1 c5 9. Nf5 Bxf5 10. exf5 Nc6 11. Bf3 Nd4 12. Bxb7 Rb8 13. Bd5 Bf8 14. Rxe8 Qxe8 15. Bb3 Qe5 16. g4 d5 17. g5 Ne4 18. Nxe4 dxe4 19. Kg2 Bd6 20. h4 Qh2+ 0-1

[Event "Early-Titled-Tuesday-Blitz-September-26-2023"]
[Site "Chess.com"]
[Date "2023.09.26"]
[Round "4"]
[White "LoaySameer"]
[Black "jup1978"]
[Result "1-0"]
[WhiteElo "2610"]
[BlackElo "2423"]
[TimeControl "180+1"]
[EndTime "8:37:52 PDT"]
[Termination "LoaySameer won by resignation"]

1. Nf3 d5 2. g3 c6 3. Bg2 Bf5 4.
O-O e6 5. d3 Nf6 6. Nbd2 h6 7.
b3 Bd6 8. Bb2 Qe7 9. e4 dxe4 10.
dxe4 Nxe4 11. Nxe4 Bxe4 12. Bxg7 Rg8 13. Bxh6 Nd7 14. Qe2 Bxf3 15. Bxf3 O-O-O 16. a4 Rg6 17. Be3 Rh8 18. Bg2 Kb8 19. Rfd1 Bc7 20. a5 a6 21.
b4 Nf6 22. Bc5 Qe8 23. c4 Ng4 24. h3 Ne5 25. Bd6 f6 26. Bxc7+ Kxc7 27. b5 Qe7 28. bxc6 Nxc6 29. Rab1 Rb8 30. Qe3 Ne5 31. Qb6+ Kc8 32. Rd8+ 1-0

[Event "Early-Titled-Tuesday-Blitz-September-26-2023"]
[Site "Chess.com"]
[Date "2023.09.26"]
[Round "4"]
[White "spotbet"]
[Black "ArmanGhevondyanchess"]
[Result "0-1"]
[WhiteElo "2374"]
[BlackElo "2591"]
[TimeControl "180+1"]
[EndTime "8:37:53 PDT"]
[Termination "ArmanGhevondyanchess won by resignation"]

1. e4 c5 2. Nf3 Nc6 3. d4 cxd4 4. Nxd4 g6 5. c4 Bg7 6. Be3 Nf6 7. Nc3 Ng4 8. Nxc6 Nxe3 9. Nxd8 Nxd1 10. Nxd1 Kxd8 11.
Bd3 d6 12. Rb1 Be6 13. b3 a5 14. Nb2 Kc7 15. Ke2 Ra7 16. Na4 Bd7 17. Nb2 Rha8 18.
Rhc1 b6 19. Nd1 a4 20. b4 Kd8 21. a3 Rc7 22. Nc3 Bxc3 23. Rxc3 b5 24. Rbc1 Rac8 25.
Kd2 bxc4 26. Bxc4 e6 27. Ba6 Rxc3 28. Rxc3 Ra8 29. Bd3 Rb8 30. Bc2 f5 31. exf5 gxf5 32. f4 Rb5 33. Rh3 e5 34. Rxh7 Rd5+ 35. Ke3 exf4+ 36. Kxf4 Rd2 37. Rxd7+ Kxd7 38. Bxa4+ Ke6 39. Bb3+ d5 40. Kf3 Rd3+ 0-1